 Dungeon Crawl Stone Soup version 0.26.0-10-g1f06aea511 (webtiles) character file.

Game seed: 13129568995733561799

36 inc the Vexing (level 3, 14/14 HPs)
             Began as a Felid Enchanter on Jan 29, 2021.
             Quit the game on level 2 of the Dungeon.
             The game lasted 00:01:56 (2164 turns).

inc the Vexing (Felid Enchanter)                    Turns: 2164, Time: 00:01:57

Health: 14/14      AC:  1    Str:  4    XL:     3   Next: 19%
Magic:  16/16      EV: 18    Int: 17    God:
Gold:   39         SH:  0    Dex: 16    Spells: 3/6 levels left
                                        Lives:  0   Deaths: 1

rFire    . . .     SeeInvis +     - Unarmed
rCold    . . .     Faith    .   (shield unavailable)
rNeg     . . .     Spirit   .   (armour unavailable)
rPois    .         Reflect  .   (helmet unavailable)
rElec    .         Harm     .   (cloak unavailable)
rCorr    .         Rampage  .   (gloves unavailable)
Will     .....                  (boots unavailable)
Stlth    +++.......             (no amulet)
HPRegen  0.04/turn              f - ring of magical power
MPRegen  0.15/turn              (no ring)

@: quick
A: very small, no armour, no weapons or thrown items, stealth, claws 1, fangs 3,
see invisible, speed 1, shaggy fur 1, sharp paws
a: no special abilities


You were on level 2 of the Dungeon.
You visited 1 branch of the dungeon, and saw 2 of its levels.

You collected 39 gold pieces.

Inventory:

Jewellery
 f - a ring of magical power (left paw)
 g - an uncursed amulet of magic regeneration {unknown}
Scrolls
 a - 2 scrolls of identify {unknown}
 b - a scroll of noise {unknown}
 c - a scroll of teleportation {unknown}
 h - a scroll of enchant armour {unknown}
 j - a scroll of fog {unknown}
Potions
 d - 2 potions of might {unknown}
 e - 2 potions of curing {unknown}
 i - a potion of berserk rage {unknown}


   Skills:
 - Level 2.6 Dodging
 - Level 4.0 Stealth
 - Level 2.2 Unarmed Combat
 - Level 2.0 Spellcasting
 + Level 5.6 Hexes
 + Level 1.9 Ice Magic


You had 3 spell levels left.
You knew the following spells:

 Your Spells              Type           Power        Failure   Level
a - Corona                Hex            23%          1%          1
b - Ensorcelled Hibernat  Hex/Ice        28%          6%          2

Your spell library contained the following spells:

 Spells                   Type           Power        Failure   Level
 Confusing Touch          Hex            21%          5%          3
 Tukima's Dance           Hex            21%          5%          3
 Dazzling Flash           Conj/Hex       22%          19%         3


Dungeon Overview and Level Annotations

Branches:
Dungeon (2/15)

Altars:


Innate Abilities, Weirdness & Mutations

You cannot wear armour.
You are incapable of wielding weapons or throwing items.
Your paws allow you to move quietly. (Stealth)
You have sharp claws.
You have razor-sharp teeth.
You have supernaturally acute eyesight. (SInv)
You cover ground quickly.
You are covered in fur. (AC +1)
Your sharp claws are effective at attacking unaware monsters.


Message History

A centaur is nearby!
Casting: Ensorcelled Hibernation (safe; 6% risk of failure)
Confirm with . or Enter, or press ? or * to list all spells.
Aiming: Ensorcelled Hibernation (safe; 6% risk of failure)
Press: ? - help, Shift-Dir - straight line, f - you, p - centaur
Okay, then.
The centaur shoots an arrow.
The arrow misses you.
You see here an arrow.
The centaur shoots an arrow.
The arrow barely misses you.
You see here an arrow.
The centaur shoots an arrow.
The arrow hits you.
You see here an arrow.
The centaur shoots an arrow.
The arrow barely misses you.
The centaur shoots an arrow.
The arrow hits you!
Ouch! That really hurt!
You die...
You are now level 3!
You rejoin the land of the living...
Found a mace.
Are you sure you want to abandon this character and quit the game? (Confirm with "yes".)

.... ... ...
.. ##.#
##...##
#.#.....##
#......@.#
#.........#
..........'..
........).####
##.......##
##.....##
##...## ##'#


There were no monsters in sight!

Vanquished Creatures
  Jessica (D:2)
  Terence (D:2)
  An adder (D:2)
  A dart slug (D:2)
  4 goblins
  5 hobgoblins
  3 bats
  2 frilled lizards (D:1)
  2 kobolds (D:1)
20 creatures vanquished.

Notes
Turn   | Place    | Note
-------+----------+-------------------------------------------
     0 | D:1      | inc the Felid Enchanter began the quest for the Orb.
     0 | D:1      | Reached XP level 1. HP: 7/7 MP: 4/4
   877 | D:1      | Reached XP level 2. HP: 11/11 MP: 6/6
  1181 | D:1      | Learned a level 2 spell: Ensorcelled Hibernation
  1740 | D:2      | Reached skill level 1 in Ice Magic
  1862 | D:2      | Reached XP level 3. HP: 14/14 MP: 7/7
  1864 | D:2      | Noticed Terence
  1986 | D:2      | Killed Terence
  1987 | D:2      | Reached skill level 5 in Hexes
  2012 | D:2      | Noticed Jessica
  2024 | D:2      | Killed Jessica
  2025 | D:2      | Reached XP level 4. HP: 10/18 MP: 8/8
  2045 | D:2      | Noticed a centaur
  2163 | D:2      | Shot with an arrow by a centaur
  2164 | D:2      | Reached XP level 3. HP: 0/14 MP: 16/16
  2164 | D:2      | Quit the game

Illustrated notes

Levels and vault maps discovered:
D:1:      nicolae_arrival_washed_ashore, layout_basic, bh_walls_and_bars
D:2:      layout_loops_corners, lemuel_round_altar, uniq_robin, uniq_sigmund,
          uniq_terence, uniq_jessica

Skill      XL: |  1  2  3 |
---------------+----------+-----
Unarmed Combat | 2 |  2.2
Ice Magic      | 1 |  1.9
Hexes          | 5 |  5.6
Dodging        | |  2.6
Stealth        | |  4.0
Spellcasting   | |  2.0

Action                   |  1- 3 |  4- 6 || total
-------------------------+-------+-------++-------
Melee: Unarmed           |    40 |     1 ||    41
       Punch             |     1 |       ||     1
 Cast: Ensorcelled Hiber |    19 |     3 ||    22
 Stab: Sleeping          |    15 |     1 ||    16
Armor: Skin              |     3 |       ||     3
Dodge: Dodged            |    16 |     6 ||    22
